 Dungeon Crawl Stone Soup version 0.31-a0-202-g547052bce9 (webtiles) character file.

Game seed: 2733208339065526527

107 qw the Skirmisher (level 4, -2/25 HPs)
             Began as a Deep Elf Hunter on June 26, 2023.
             Slain by Eustachio
             ... wielding a +0 falchion
              (3 damage)
             ... on level 3 of the Dungeon.
             The game lasted 00:00:49 (2010 turns).

qw the Skirmisher (Deep Elf Hunter)                 Turns: 2010, Time: 00:00:50

Health: -2/25      AC:  8    Str: 10    XL:     4   Next: 57%
Magic:  6/6        EV: 11    Int: 14    God:
Gold:   193        SH:  0    Dex: 18    Spells: 3/3 levels left

rFire   . . .        Y - +0 shortbow
rCold   . . .        (shield currently unavailable)
rNeg    . . .        d - +0 ring mail
rPois   .            h - +1 helmet
rElec   .            c - +0 cloak
rCorr   .            (no gloves)
SInv    .            (no boots)
Will    +....        (no amulet)
Stlth   +            a - ring of willpower
HPRegen 0.24/turn    (no ring)
MPRegen 0.10/turn

%: no passive effects
@: no status effects
A: no striking features
a: no special abilities


You were on level 3 of the Dungeon.
You visited 1 branch of the dungeon, and saw 4 of its levels.

You collected 193 gold pieces.


   Skills:
 - Level 1.5 Fighting
 + Level 8.0 Ranged Weapons
 - Level 2.4 Dodging
 - Level 1.2 Stealth


You had 3 spell levels left.
You didn't know any spells.
Your spell library was empty.

Inventory:

Hand Weapons
 Y - a +0 shortbow (weapon)
Armour
 c - a +0 cloak (worn)
 d - a +0 ring mail (worn)
 h - a +1 helmet (worn)
Jewellery
 a - a ring of willpower (left hand)
Scrolls
 f - 3 scrolls of identify

Dungeon Overview and Level Annotations

Branches:
Dungeon (4/15)
 Temple: D:4-7

Altars:

Annotations:
D:3 Eustachio


Message History

The iron imp disappears in a puff of smoke!
The quasit disappears in a puff of smoke!
There is a stone staircase leading down here.
Enter note:
Enter note:
Enter note:
Enter note:
Enter note:
Enter note:
Enter note:
Enter note:
Enter note:
Enter note: You shoot an arrow.
The arrow hits the iguana but does no damage.
The iguana is heavily wounded.
Eustachio gestures wildly while chanting.
The iguana barely misses you.
You shoot an arrow. The arrow hits the iguana.
The iguana is almost dead.
Eustachio utters an oath, "I will die for my friends!"
Eustachio hits you with a +0 falchion! The iguana barely misses you.
The quasit closely misses you. The quasit barely misses you.
The quasit claws you but does no damage.
You shoot an arrow. The arrow hits the iguana!
You kill the iguana!
The quasit barely misses you.
The quasit claws you but does no damage.
The quasit claws you.
Eustachio asks, "How can you live without manners, virtues and honour?"
Eustachio misses you.
The quasit misses you. x2; The quasit closely misses you.
Your Ranged Weapons skill increases to level 8!
You shoot an arrow. The arrow hits Eustachio.
Eustachio is lightly wounded.
Eustachio hits you with a +0 falchion. The quasit closely misses you. x2
The quasit claws you but does no damage.
You shoot an arrow. The arrow hits Eustachio.
Eustachio is lightly wounded.
Eustachio hits you with a +0 falchion.
You die...

#.##....##%## ###....##..#
#.##...###..#### ##.>##..##
#.##.#...##....### #..##.###
#.##.###..####...###.......####
#.##.# ##.####.#...#.###.#....#
#.##.# #.......##.....#>####..
#.##.# #####.#...#.##.#.# ###
#.##.# #5###.#.##...######
#.##.# #.@@#...###........
#.#..# ###5.....###.......
##.#.## ##...#.###..#####
#..).# #..##......# #.#.##
#......##)## #.#.#
#.###..##%#### #.#.# #.#
#........# ##.#.# #.#
#..#..##.# #.!(.#
#.###....###.###


You could see Eustachio, an iron imp (summoned) and a quasit (summoned).

Vanquished Creatures
  An iguana (D:3)
  2 adders (D:3)
  4 ball pythons
  6 bats
  10 endoplasms
  3 giant cockroaches
  6 goblins
  2 hobgoblins
  4 jackals
  4 quokkas
  4 frilled lizards
  7 kobolds
  5 rats
58 creatures vanquished.

Notes
Turn   | Place    | Note
-------+----------+-------------------------------------------
     0 | D:1      | qw the Deep Elf Hunter began the quest for the Orb.
     0 | D:1      | Reached XP level 1. HP: 12/12 MP: 3/3
     0 | D:1      | 0 ||| qw: Version: 0.3-a-22-g0ed2b0b
     0 | D:1      | 0 ||| qw: Game counter: 6273
     0 | D:1      | 0 ||| qw: Melee chars always use a shield: true
     0 | D:1      | 0 ||| qw: God list: Okawaru
     0 | D:1      | 0 ||| qw: Allow faded altars: false
     0 | D:1      | 0 ||| qw: Do Orc after clearing Dungeon:15 true
     0 | D:1      | 0 ||| qw: Do second Lair branch before Depths: true
     0 | D:1      | 0 ||| qw: Lair rune preference: random
     0 | D:1      | 0 ||| qw: Goals: Normal
     0 | D:1      | 0 ||| PLANNING D:1-11
   248 | D:1      | 248 ||| FLEEEEING.
   249 | D:1      | 249 ||| FLEEEEING.
   252 | D:1      | Reached XP level 2. HP: 14/16 MP: 4/4
   254 | D:1      | Reached skill level 6 in Ranged Weapons
   659 | D:1      | Reached XP level 3. HP: 20/20 MP: 5/5
   706 | D:1      | 706 ||| READING scroll labelled JUOP UDIECK.
   707 | D:1      | 707 ||| READING scroll labelled MUSIOSKINI.
   708 | D:1      | 708 ||| DROPPING scroll of butterflies.
  1154 | D:2      | 1154 ||| UPGRADING to +0 ring mail.
  1164 | D:2      | 1164 ||| DROPPING +0 leather armour.
  1165 | D:2      | 1165 ||| UPGRADING to ring of willpower.
  1166 | D:2      | 1166 ||| READING scroll labelled OFISAIXZICS.
  1201 | D:3      | Reached skill level 7 in Ranged Weapons
  1385 | D:3      | Reached XP level 4. HP: 20/25 MP: 6/6
  1385 | D:3      | 1385 ||| FLEEEEING.
  1386 | D:3      | 1386 ||| FLEEEEING.
  1387 | D:3      | 1387 ||| FLEEEEING.
  1388 | D:3      | 1388 ||| FLEEEEING.
  1389 | D:3      | 1389 ||| FLEEEEING.
  1390 | D:3      | 1390 ||| FLEEEEING.
  1391 | D:3      | 1391 ||| FLEEEEING.
  1392 | D:3      | 1392 ||| FLEEEEING.
  1393 | D:3      | 1393 ||| FLEEEEING.
  1394 | D:3      | 1394 ||| FLEEEEING.
  1395 | D:3      | 1395 ||| FLEEEEING.
  1396 | D:3      | 1396 ||| FLEEEEING.
  1397 | D:3      | 1397 ||| FLEEEEING.
  1398 | D:3      | 1398 ||| FLEEEEING.
  1399 | D:3      | 1399 ||| FLEEEEING.
  1400 | D:3      | 1400 ||| STAIRDANCE
  1419 | D:2      | 1419 ||| UPGRADING to +0 cloak.
  1424 | D:2      | 1424 ||| UPGRADING to +1 helmet.
  1429 | D:2      | 1429 ||| READING scroll labelled XEXZIE GOJOMI.
  1430 | D:2      | 1430 ||| READING scroll labelled PUNTUA LUMIDIV.
  1431 | D:2      | 1431 ||| READING 3 scrolls labelled NEUCACZEJE.
  1432 | D:2      | 1432 ||| DROPPING 2 scrolls of noise.
  1435 | D:3      | 1435 ||| STAIRDANCE
  1553 | D:3      | 1553 ||| FLEEEEING.
  1554 | D:3      | 1554 ||| FLEEEEING.
  1555 | D:3      | 1555 ||| FLEEEEING.
  1873 | D:3      | 1873 ||| READING 2 scrolls labelled PIRID EPEGRUAQ.
  1874 | D:3      | 1874 ||| READING scroll labelled VIBBUY OCVU.
  1875 | D:3      | 1875 ||| READING 4 scrolls of identify.
  1875 | D:3      | 1875 ||| IDENTIFYING bubbling red potion
  1876 | D:3      | 1876 ||| DROPPING scroll of poison.
  1877 | D:3      | 1877 ||| DROPPING potion of berserk rage.
  1879 | D:3      | 1879 ||| Stepping ~*~*~tactically~*~*~ (cloud).
  1884 | D:3      | HP: 6/25 [poisoned by you (poison gas)]
  1997 | D:4      | Noticed Eustachio
  2004 | D:4      | 2004 ||| STAIRDANCE
  2007 | D:3      | HP: 3/25 [Eustachio/+0 falchion (8)]
  2009 | D:3      | Reached skill level 8 in Ranged Weapons
  2009 | D:3      | HP: 1/25 [Eustachio/+0 falchion (2)]
  2010 | D:3      | Slain by Eustachio

Levels and vault maps discovered:
D:1:      evilmike_arrival_fibonacci_small, layout_basic,
          minmay_misc_feat_diagonals, chequers_jeans, amcnicky_mini_pool_small,
          minmay_ruptured
D:2:      layout_rooms
D:3:      layout_rooms
D:4:      layout_loops_ring, kennysheep_little_box,
          hangedman_abyss_or_decor_stabs, uniq_eustachio

Skill      XL: |  1  2  3  4 |
---------------+-------------+-----
Ranged Weapons | 6 7 8 |  8.0
Fighting       | |  1.5
Dodging        | |  2.4
Stealth        | |  1.2

Action                     |  1- 3 |  4- 6 || total
---------------------------+-------+-------++-------
   Fire: Shortbow          |   109 |    44 ||   153
    Use: Scroll            |     3 |     6 ||     9
 Armour: Leather armour    |     6 |       ||     6
         Ring mail         |     4 |    10 ||    14
  Dodge: Dodged            |    15 |    23 ||    38

Table legend:
 A = Non-vault XP
 B = Vault XP
 C = Vault XP percentage of total XP
 D = Non-vault monster count
 E = Vault monster count
 F = Vault count percentage of total count
                 A         B        C        D         E       F
            +---------+---------+-------+---------+---------+-------
      Total |     147 |       7 |   4.5 |      54 |       4 |   6.9
            +---------+---------+-------+---------+---------+-------
        D:1 |      35 |       7 |  16.7 |      21 |       4 |  16.0
        D:2 |      20 |       0 |   0.0 |      11 |       0 |   0.0
        D:3 |      90 |       0 |   0.0 |      21 |       0 |   0.0
        D:4 |       2 |       0 |   0.0 |       1 |       0 |   0.0
            +---------+---------+-------+---------+---------+-------
